 Seeded DCSS version 0.31-a0-237-g2d982f9f85 (webtiles) character file.

Game seed: 17534068631569876614 (custom seed)

2396 innerfire43 the Blocker (level 9, -1/65 HPs)
             Began as a Demonspawn Monk on July 11, 2023.
             Was an Elder of Nemelex Xobeh.
             Slain by a two-headed ogre
             ... wielding a +0 giant club
              (22 damage)
             ... on level 7 of the Dungeon.
             The game lasted 00:06:35 (5008 turns).

innerfire43 the Blocker (Demonspawn Monk)           Turns: 5008, Time: 00:06:35

Health: -1/65      AC: 10    Str: 16    XL:     9   Next: 22%
Magic:  0/9        EV:  9    Int: 12    God:    Nemelex Xobeh [****..]
Gold:   292        SH: 21    Dex: 18    Spells: 8/8 levels left

rFire   . . .        v - +8 whip of Havoc {heavy, Dex+3 SInv}
rCold   . . .        j - +0 tower shield
rNeg    . . .        A - +0 ring mail
rPois   .            x - +0 helmet
rElec   .            (no cloak)
rCorr   .            (no gloves)
SInv    +            (no boots)
Will    .....        r - amulet of reflection
Stlth   +            f - ring of see invisible
HPRegen 0.30/turn    F - +4 ring of protection
MPRegen 0.22/turn

%: reflection, guardian spirit
@: no status effects
A: magic shield, magic regeneration, magic link, demonic magic 1
a: Renounce Religion, Draw Escape, Draw Destruction, Draw Summoning, Triple
Draw, Deal Four


You were on level 7 of the Dungeon.
You worshipped Nemelex Xobeh.
Nemelex Xobeh was greatly pleased with you.
You visited 1 branch of the dungeon, and saw 7 of its levels.

You collected 292 gold pieces.

Inventory:

Hand Weapons
 a - a +0 mace
 m - a +0 flail
 v - the +8 whip of Havoc (weapon) {heavy, Dex+3 SInv}
   (You found it on level 3 of the Dungeon)

   Dex:       It affects your dexterity (+3).
   SInv:      It lets you see invisible.
 C - a +5 flail
Armour
 b - a +0 robe
 d - an orb of light
 j - a +0 tower shield (worn)
 x - a +0 helmet (worn)
 A - a +0 ring mail (worn)
 K - a +0 chain mail
Jewellery
 f - a ring of see invisible (left hand)
 n - an amulet of the acrobat
 r - an amulet of reflection (around neck)
 F - a +4 ring of protection (right hand)
 I - a ring of protection from fire
 M - a +6 ring of strength
Wands
 s - a wand of iceblast (17)
 H - a wand of paralysis (1)
Scrolls
 e - 6 scrolls of amnesia {unknown}
 g - 7 scrolls of identify {unknown}
 h - 4 scrolls of immolation {unknown}
 k - 2 scrolls of noise {unknown}
 u - a scroll of teleportation {unknown}
 y - 5 scrolls of blinking {unknown}
 z - 2 scrolls of fog {unknown}
 B - a scroll of fear {unknown}
 E - 3 scrolls of revelation {unknown}
 J - a scroll of butterflies {unknown}
 L - a scroll of poison {unknown}
Potions
 c - a potion of invisibility {unknown}
 i - 2 potions of haste {unknown}
 l - 4 potions of curing
 o - a potion of lignification {unknown}
 p - 5 potions of heal wounds {unknown}
 q - a potion of attraction {unknown}
 t - 2 potions of brilliance {unknown}
 w - a potion of berserk rage
 D - a potion of cancellation {unknown}
 G - a potion of magic {unknown}
 N - a potion of enlightenment {unknown}


   Skills:
 - Level 4.3 Fighting
 + Level 6.4 Maces & Flails
 - Level 3.2 Armour
 - Level 3.3 Dodging
 * Level 8.3 Shields


You had 8 spell levels left.
You didn't know any spells.
Your spell library was empty.

Dungeon Overview and Level Annotations

Branches:
Dungeon (7/15)
 Temple: D:4-7

Altars:
Ashenzari
Dithmenos
Kikubaaqudgha
Makhleb
Nemelex Xobeh
Okawaru
Ru
Sif Muna
Xom
Yredelemnul

Annotations:
D:4 1 runed translucent door


Innate Abilities, Weirdness & Mutations

When hurt, damage is shared between your health and your magic reserves.
You regenerate magic rapidly.
When low on magic, you restore magic in place of health.
Spells you cast may paralyse adjacent enemies.


Message History

Joseph is severely wounded.
Joseph drinks a potion.
Joseph is healed!
You block Joseph's attack.
You whack Joseph!
Joseph is almost dead.
You block Joseph's attack.
You hit Joseph.
Joseph is almost dead.
You block Joseph's attack. Joseph hits you but does no damage.
You whack Joseph!
You kill Joseph!
Your Shields skill increases to level 8!
No target in view!
Things that are here:
a +0 quarterstaff; a +0 sling; a +0 ring mail A two-headed ogre comes into view.
It is wielding two +0 giant clubs.
The two-headed ogre shouts in stereo!
A two-headed ogre is nearby!
You thrash the two-headed ogre!!
The two-headed ogre is moderately wounded.
You block the two-headed ogre's attack. The two-headed ogre closely misses you.
You barely miss the two-headed ogre.
The two-headed ogre is moderately wounded.
You block the two-headed ogre's attack.
The two-headed ogre hits you with a +0 giant club!
You whack the two-headed ogre!
The two-headed ogre is heavily wounded.
You block the two-headed ogre's attack. x2
You whack the two-headed ogre!
The two-headed ogre is severely wounded.
The two-headed ogre hits you but does no damage.
You block the two-headed ogre's attack.
You barely miss the two-headed ogre.
The two-headed ogre is severely wounded.
You block the two-headed ogre's attack.
The two-headed ogre hits you with a +0 giant club.
You whack the two-headed ogre!
The two-headed ogre is almost dead.
The two-headed ogre hits you with a +0 giant club!! x2
You die...
Your body disappears without a glow.

####.)####..........###
##...............#
#..............##
#....###.......#
#...###.......##
#..........##..
##..........#
#...........#
#...#@...###.##
###.O#...# #
#..#....... ##.....#..#
...####..# .## .# .# #


You could see a two-headed ogre.

Vanquished Creatures
  Joseph (D:7)
  The ghost of Iniera the Slasher, a novice TeMo of Qazlal (D:5)
  The ghost of Strat the Grave Robber, an amateur HuNe (D:4)
  2 water moccasins
  An ice beast (D:5)
  A sky beast (D:7)
  A black bear (D:6)
  An ogre (D:4)
  A bullfrog (D:6)
  2 scorpions
  2 necrophages (D:4)
  3 wights (D:4)
  A human zombie (D:4)
  2 jellies
  4 hounds
  An orc priest (D:5)
  2 iguanas
  Ijyb (D:3)
  Terence (D:2)
  2 orc wizards
  3 hound zombies (D:4)
  2 mummies (D:4)
  6 adders
  5 river rats
  A white imp (D:7)
  An adder zombie (D:4)
  7 worms
  3 dart slugs
  13 orcs
  2 endoplasms
  3 giant cockroaches
  5 goblins
  3 hobgoblins (D:1)
  2 jackals (D:4)
  8 kobolds
  6 quokkas
  9 ball pythons
  5 bats
  5 frilled lizards
  9 rats
129 creatures vanquished.

Vanquished Creatures (others)
  A human (D:5)
1 creature vanquished.

Grand Total: 130 creatures vanquished

Notes
Turn   | Place    | Note
-------+----------+-------------------------------------------
     0 | D:1      | innerfire43 the Demonspawn Monk began the quest for the
                  | Orb.
     0 | D:1      | Reached XP level 1. HP: 18/18 MP: 1/1
    93 | D:1      | Gained mutation: Spells you cast may paralyse adjacent
                  | enemies. [demonic ancestry]
    93 | D:1      | Reached XP level 2. HP: 21/24 MP: 2/2
   407 | D:1      | Reached XP level 3. HP: 24/29 MP: 3/3
   921 | D:2      | Noticed Terence
   934 | D:2      | Killed Terence
  1047 | D:2      | Gained mutation: You regenerate magic rapidly. [demonic
                  | ancestry]
  1047 | D:2      | Reached XP level 4. HP: 34/35 MP: 4/4
  1287 | D:3      | Noticed Ijyb
  1300 | D:3      | Killed Ijyb
  1366 | D:3      | Found a faded altar of an unknown god.
  1404 | D:3      | Identified the +8 whip of Havoc {heavy, Dex+3 SInv}
  1417 | D:3      | Prayed at the altar of an unknown god.
  1417 | D:3      | Became a worshipper of Nemelex Xobeh the Trickster
  1417 | D:3      | Reached * piety under Nemelex Xobeh
  1417 | D:3      | Received a gift from Nemelex Xobeh
  1417 | D:3      | Received a gift from Nemelex Xobeh
  1417 | D:3      | Reached ** piety under Nemelex Xobeh
  1438 | D:3      | Gained mutation: When hurt, damage is shared between your
                  | health and your magic reserves. [demonic ancestry]
  1438 | D:3      | Reached XP level 5. HP: 33/42 MP: 5/5
  1648 | D:3      | Reached *** piety under Nemelex Xobeh
  1670 | D:3      | Found a shimmering altar of Xom.
  1672 | D:3      | Found a basalt altar of Yredelemnul.
  1672 | D:3      | Found a burning altar of Makhleb.
  1672 | D:3      | Received a gift from Nemelex Xobeh
  1674 | D:3      | Found a broken altar of Ashenzari.
  1674 | D:3      | Found a burning altar of Makhleb.
  1674 | D:3      | Found a shimmering altar of Xom.
  1734 | D:3      | Found an iron altar of Okawaru.
  1983 | D:4      | Noticed an ogre
  1988 | D:4      | Killed an ogre
  1989 | D:4      | Reached skill level 1 in Armour
  1989 | D:4      | Reached skill level 1 in Shields
  2062 | D:4      | Found a sacrificial altar of Ru.
  2153 | D:4      | Reached XP level 6. HP: 37/48 MP: 4/6
  2265 | D:4      | Reached skill level 2 in Shields
  2414 | D:4      | Reached XP level 7. HP: 42/54 MP: 5/7
  2455 | D:4      | Found a basalt altar of Yredelemnul.
  2468 | D:4      | Reached skill level 5 in Maces & Flails
  2468 | D:4      | Reached skill level 3 in Shields
  2557 | D:4      | Found a runed translucent door.
  2561 | D:4      | Noticed Strat's ghost (amateur HuNe)
  2747 | D:4      | Found a runed translucent door.
  3006 | D:4      | Killed Strat's ghost
  3067 | D:5      | Entered Level 5 of the Dungeon
  3074 | D:5      | Reached skill level 4 in Shields
  3203 | D:5      | Found an ancient bone altar of Kikubaaqudgha.
  3204 | D:5      | Noticed a human
  3207 | D:5      | Killed a human
  3254 | D:5      | Found a runed translucent gate.
  3254 | D:5      | Found a runed translucent gate.
  3254 | D:5      | Found a runed translucent gate.
  3254 | D:5      | Noticed Iniera's ghost (novice TeMo)
  3281 | D:5      | Found a shimmering blue altar of Sif Muna.
  3337 | D:5      | Reached skill level 5 in Shields
  3337 | D:5      | Reached XP level 8. HP: 55/60 MP: 6/8
  3634 | D:5      | Found a shadowy altar of Dithmenos.
  3728 | D:5      | Killed Iniera's ghost
  3729 | D:5      | Reached skill level 6 in Shields
  3859 | D:6      | Received a gift from Nemelex Xobeh
  4051 | D:6      | Reached skill level 7 in Shields
  4269 | D:6      | Reached **** piety under Nemelex Xobeh
  4603 | D:6      | Received a gift from Nemelex Xobeh
  4858 | D:7      | Gained mutation: When low on magic, you restore magic in
                  | place of health. [demonic ancestry]
  4858 | D:7      | Reached XP level 9. HP: 47/65 MP: 9/9
  4951 | D:7      | Noticed Joseph
  4963 | D:7      | Killed Joseph
  4964 | D:7      | Reached skill level 8 in Shields
  5000 | D:7      | Noticed a two-headed ogre
  5008 | D:7      | Slain by a two-headed ogre

Illustrated notes

Levels and vault maps discovered:
D:1:      shiori_arrival_maze, layout_rooms, minmay_misc_feat_diagonals,
          minmay_crystal_room
D:2:      layout_rooms, fountainhead, solitary_fountain, uniq_terence
D:3:      layout_loops_ring, doesnt_xom_only_xom, okawaru_metal_pillars_1_2,
          basic_ecumenical_altar, uniq_ijyb
D:4:      layout_loops_ring, mainiacjoe_overflow_small_starburst,
          lemuel_mausoleum_altar_yredelemnul, ebering_ghost_sewer_f
D:5:      layout_cave_pools, tgw_kikubaaqudgha, mainiacjoe_overflow_alcove_4,
          amethyst_overflow_temple_binary, ebering_ghost_rock_garden,
          grunt_decor_junction
D:6:      layout_basic, lightli_sewer_entry_pipes
D:7:      layout_layer_cave, general_overflow_altar,
          mainiacjoe_overflow_surrounded_room, mainiacjoe_overflow_alcove_2,
          minmay_temple_entry_fiery, gammafunk_ghost_cemetery, uniq_joseph,
          uniq_duvessa, uniq_crazy_yiuf_cottage

Skill      XL: |  1  2  3  4  5  6  7  8  9 |
---------------+----------------------------+-----
Maces & Flails | 3 4 5 6 |  6.4
Dodging        | 3 |  3.3
Armour         | 1 2 3 |  3.2
Shields        | 1 2 5 7 8 |  8.3
Fighting       | 4 |  4.3

Action                     |  1- 3 |  4- 6 |  7- 9 || total
---------------------------+-------+-------+-------++-------
  Melee: Mace              |    77 |       |       ||    77
         Flail             |    19 |    25 |       ||    44
         Whip              |       |    60 |   211 ||   271
    Use: Potion            |     1 |     1 |       ||     2
   Stab: Sleeping          |       |     1 |       ||     1
 Armour: Robe              |    10 |     4 |       ||    14
         Ring mail         |       |     7 |    43 ||    50
  Dodge: Dodged            |    71 |    18 |    37 ||   126
  Block: Tower shield      |     1 |    62 |   223 ||   286
         Reflection        |       |     1 |     8 ||     9

Table legend: (Time is in decaauts)
 A = Elapsed time spent in this place.
 B = Non-inter-level travel time spent in this place.
 C = Inter-level travel time spent in this place.
 D = Time resting spent in this place.
 E = Time spent auto-exploring this place.
 F = Levels seen in this place.
 G = Mean time per level.
                   A        B        C        D        E       F      G
               +--------+--------+--------+--------+--------+-----+--------+
         Total |   5256 |   4995 |    261 |      0 |   3902 |   7 |  750.9 |
       Dungeon |   5256 |   4995 |    261 |      0 |   3902 |   7 |  750.9 |
               +--------+--------+--------+--------+--------+-----+--------+

Top non-repeatable levels by time:
     D:4: 1225 daAuts
     D:6: 1121 daAuts
     D:3: 766 daAuts
     D:5: 754 daAuts
     D:1: 627 daAuts
     D:2: 578 daAuts
     D:7: 182 daAuts
